 Dungeon Crawl Stone Soup version 0.31-a0-319-g4fced400ed (webtiles) character file.

Game seed: 5927359782006734669

11540 Newt the Covert (level 11, -1/86 HPs)
             Began as a Demonspawn Gladiator on July 17, 2023.
             Was a Priest of Makhleb.
             Slain by a harpy simulacrum (10 damage)
             ... in an ice cave.
             The game lasted 00:12:00 (9642 turns).

Newt the Covert (Demonspawn Gladiator)              Turns: 9642, Time: 00:12:02

Health: -1/86      AC: 10    Str: 16    XL:     11   Next: 50%
Magic:  11/11      EV: 17    Int:  9    God:    Makhleb [***...]
Gold:   918        SH:  0    Dex: 22    Spells: 10/10 levels left

rFire   . . .        N - +9 rapier "Dympataa" {heavy, rElec rC- Dex+4}
rCold   . . .        (no shield)
rNeg    . . .        R - +0 troll leather armour
rPois   .            c - +0 helmet
rElec   +            (no cloak)
rCorr   .            (no gloves)
SInv    .            J - +2 pair of boots
Will    .....        g - amulet of regeneration
Stlth   ++++         K - ring of protection from cold
HPRegen 1.94/turn    B - +5 ring of evasion
MPRegen 0.12/turn

%: no passive effects
@: constricted
A: demonic guardian 1, foul stench 1, weakness stinger 2, demonic touch 1
a: Renounce Religion, Minor Destruction, Lesser Servant of Makhleb


You were in an ice cave.
You worshipped Makhleb.
Makhleb was most pleased with you.
You visited 3 branches of the dungeon, and saw 13 of its levels.
You also visited: Ice Cave.

You collected 918 gold pieces.

Inventory:

Hand Weapons
 a - a +1 rapier
 j - a +4 mace of protection
 r - a +1 whip of venom
 v - the +7 dagger "Bopsuryo" {freeze, *Slow +Blink rN+++ Dex+4}
   (You found it on level 4 of the Dungeon)

   Dex:       It affects your dexterity (+4).
   rN:        It renders you almost immune to negative energy.
   +Blink:    It lets you blink.
   *Slow:     It may slow you when you take damage.
 N - the +9 rapier "Dympataa" (weapon) {heavy, rElec rC- Dex+4}
   (You found it on level 9 of the Dungeon)

   Dex:       It affects your dexterity (+4).
   rC:        It makes you vulnerable to cold.
   rElec:     It insulates you from electricity.
Missiles
 d - 4 throwing nets
 e - 10 javelins
 k - 2 atropa-tipped darts
 t - 62 poisoned darts
 u - 14 boomerangs (quivered)
Armour
 b - a +0 leather armour
 c - a +0 helmet (worn)
 f - a +0 pair of gloves
 m - a +0 pair of boots
 p - a +3 ring mail
 I - +1 acid dragon scales
 J - a +2 pair of boots (worn)
 R - a +0 troll leather armour (worn)
Jewellery
 g - an amulet of regeneration (around neck)
 l - a ring of fire
 y - a +4 ring of protection
 B - a +5 ring of evasion (right hand)
 K - a ring of protection from cold (left hand)
Wands
 q - a wand of mindburst (6)
 A - a wand of digging (3)
 G - a wand of charming (7)
 L - a wand of flame (11)
Scrolls
 C - a scroll of amnesia
 D - a scroll of revelation
 M - 2 scrolls of enchant weapon
 P - a scroll of teleportation
Potions
 h - 4 potions of heal wounds
 i - 4 potions of curing
 n - a potion of lignification
 o - 3 potions of haste
 w - 2 potions of enlightenment
 x - a potion of invisibility
 z - a potion of degeneration
 E - 2 potions of mutation
 F - a potion of cancellation
 H - a potion of berserk rage
 O - a potion of attraction
Miscellaneous
 s - a phial of floods


   Skills:
 + Level 7.8 Fighting
 - Level 7.0 Short Blades
 - Level 5.0 Maces & Flails
 - Level 5.0 Throwing
 - Level 8.0 Armour
 - Level 5.0 Dodging
 - Level 9.0 Stealth


You had 10 spell levels left.
You didn't know any spells.
Your spell library contained the following spells:

 Spells                   Type           Power      Damage    Failure   Level
 Apportation              Tloc           0%         N/A       43%         1
 Necrotise                Necr           0%         1d4       43%         1
 Summon Small Mammal      Summ           0%         N/A       43%         1
 Cigotuvi's Dreadful Rot  Necr/Pois/Air  0%         N/A       58%         2
 Lesser Beckoning         Tloc           0%         N/A       58%         2
 Scorch                   Fire           0%         2d5       58%         2
 Sublimation of Blood     Necr           0%         N/A       58%         2
 Call Canine Familiar     Summ           0%         N/A       82%         3
 Gell's Gravitas          Tloc           0%         N/A       82%         3
 Ignite Poison            Fire/Tmut/Pois 0%         N/A       82%         3
 Portal Projectile        Hex/Tloc       0%         N/A       82%         3
 Summon Guardian Golem    Hex/Summ       0%         N/A       82%         3
 Teleport Other           Tloc           0%         N/A       82%         3
 Tukima's Dance           Hex            0%         N/A       82%         3
 Vampiric Draining        Necr           0%         2d6       82%         3
 Flame Wave               Conj/Fire      0%         2d4       99%         4
 Iskenderun's Mystic Bla  Conj/Tloc      0%         2d3       99%         4
 Leda's Liquefaction      Hex/Erth       0%         N/A       99%         4
 Petrify                  Tmut/Erth      0%         N/A       99%         4
 Agony                    Necr           0%         N/A       100%        5
 Alistair's Intoxication  Tmut/Pois      0%         N/A       100%        5
 Freezing Cloud           Conj/Ice/Air   0%         6-21      100%        5
 Irradiate                Conj/Tmut      0%         3d11      100%        5
 Summon Cactus Giant      Summ           0%         N/A       100%        6


Dungeon Overview and Level Annotations

Branches:
Dungeon (11/15)            Temple (1/1) D:7            Lair (1/5) D:10
    Orc (0/2) D:11          IceCv (1/1)

Altars:
Ashenzari
Cheibriados
Dithmenos
Fedhas
Gozag
Hepliaklqana
Kikubaaqudgha
Makhleb
Nemelex Xobeh
Okawaru
Qazlal
Ru
Sif Muna
Trog
Uskayaw
Vehumet
Wu Jian
Xom
Yredelemnul


Innate Abilities, Weirdness & Mutations

A weak demonic guardian rushes to your aid.
You may rarely emit foul miasma when damaged in melee.
You have a tail ending in a sharp stinger.
Your touch may inflict minor irresistible damage on your foes.


Message History

HP restored.
An ufetubus comes into view.
An ufetubus is nearby!
An ufetubus is nearby!
An ufetubus comes into view.
The ufetubus shouts!
The ufetubus closely misses you. The ufetubus completely misses you.
The ufetubus shouts!
You impale the ufetubus!!
You kill the ufetubus!
Makhleb accepts your kill. The ufetubus barely misses you.
The ufetubus completely misses you.
You impale the ufetubus!!
You kill the ufetubus!
Makhleb accepts your kill.
No target in view!
No target in view!
A harpy simulacrum comes into view.
A harpy simulacrum is nearby!
An anaconda simulacrum comes into view.
The harpy simulacrum claws you! The harpy simulacrum freezes you!
The harpy simulacrum claws you! The harpy simulacrum freezes you!
A demonic guardian appears!
You are too injured to fight recklessly!
You are too injured to fight recklessly!
You are too injured to fight recklessly!
Unknown command.
You impale the harpy simulacrum!!
The harpy simulacrum is almost destroyed.
The harpy simulacrum completely misses you.
The harpy simulacrum claws you but does no damage.
The anaconda simulacrum grabs you. The anaconda simulacrum bites you!
The anaconda simulacrum freezes you!!
* * * LOW HITPOINT WARNING * * *
The anaconda simulacrum constricts you.
* * * LOW HITPOINT WARNING * * *
The harpy simulacrum claws you!
* * * LOW HITPOINT WARNING * * *
The harpy simulacrum freezes you!
You die...

######## ##.#....##
#####.....#..##
##..∩##..####..#
#∩..####..# #@5#
#....# #..##ZZ.#
#...####...##.⌠.#
##..####...####...#
#...##...### .###
#..##...## #.
#......## .
##...### ## #####


You could see an anaconda simulacrum, a harpy simulacrum (ally target) and a
friendly iron imp (summoned).

Vanquished Creatures
  A two-headed ogre (D:10)
  A cyclops (D:11)
  2 gargoyles
  Psyche (D:9)
  An efreet (D:11)
  An unseen horror (D:11)
  A troll (D:11)
  A shadow (D:10)
  Sigmund (D:3)
  A wyvern (D:10)
  5 yaks
  A steam dragon (D:10)
  4 vampire mosquitoes
  6 acid dragons
  5 water moccasins
  An ice beast (D:7)
  4 sky beasts
  3 orc warriors
  5 black bears
  2 ogres
  7 centaurs
  A phantom (D:5)
  7 kobold brigands
  3 bullfrogs
  2 gnoll sergeants
  A cane toad simulacrum (IceCv)
  16 wights
  22 killer bees
  An elephant simulacrum (IceCv)
  7 howler monkeys
  3 orc priests
  5 jellies (D:5)
  A gnoll bouda (D:5)
  5 hounds
  3 iguanas
  A sleepcap (D:5)
  Terence (D:3)
  Ijyb (D:3)
  4 orc wizards
  15 gnolls
  7 adders
  A shadow imp (D:7)
  13 white imps
  4 ufetubi
  4 worms
  3 dart slugs
  25 orcs
  8 ball pythons
  2 endoplasms
  3 giant cockroaches
  12 goblins
  8 hobgoblins
  31 kobolds
  4 quokkas
  5 bats
  A frilled lizard (D:2)
  3 rats
  2 butterflies (D:7)
289 creatures vanquished.

Vanquished Creatures (others)
  A white imp (Lair:1)
  A kobold (D:9)
2 creatures vanquished.

Grand Total: 291 creatures vanquished

Notes
Turn   | Place    | Note
-------+----------+-------------------------------------------
     0 | D:1      | Newt the Demonspawn Gladiator began the quest for the Orb.
     0 | D:1      | Reached XP level 1. HP: 16/16 MP: 1/1
   244 | D:1      | Discovered your monstrous ancestry.
   244 | D:1      | Gained mutation: You have a small tail. [demonic ancestry]
   244 | D:1      | Reached XP level 2. HP: 23/23 MP: 2/2
   796 | D:2      | Found a faded altar of an unknown god.
  1049 | D:2      | Reached XP level 3. HP: 29/29 MP: 3/3
  1406 | D:3      | Noticed Terence
  1413 | D:3      | Killed Terence
  1414 | D:3      | Reached skill level 1 in Maces & Flails
  1414 | D:3      | Gained mutation: Your touch may inflict minor irresistible
                  | damage on your foes. [demonic ancestry]
  1414 | D:3      | Reached XP level 4. HP: 37/37 MP: 4/4
  1667 | D:3      | Noticed Sigmund
  1676 | D:3      | Killed Sigmund
  1677 | D:3      | Gained mutation: You may rarely emit foul miasma when
                  | damaged in melee. [demonic ancestry]
  1677 | D:3      | Reached XP level 5. HP: 42/42 MP: 5/5
  1837 | D:3      | Reached XP level 6. HP: 48/48 MP: 6/6
  2202 | D:4      | Noticed Ijyb
  2297 | D:3      | HP: 2/48 [disintegration (12)]
  2301 | D:3      | Killed Ijyb
  2431 | D:4      | Reached skill level 5 in Maces & Flails
  2431 | D:4      | Reached skill level 1 in Armour
  2456 | D:4      | Reached XP level 7. HP: 54/54 MP: 7/7
  2476 | D:4      | Identified the +7 dagger "Bopsuryo" {freeze, *Slow +Blink
                  | rN+++ Dex+4}
  2865 | D:4      | Found an ancient bone altar of Kikubaaqudgha.
  3105 | D:5      | Entered Level 5 of the Dungeon
  3481 | D:5      | Reached skill level 5 in Short Blades
  3525 | D:5      | Reached XP level 8. HP: 60/60 MP: 8/8
  3697 | D:5      | Found an opulent altar of Gozag.
  3700 | D:5      | Found a sacrificial altar of Ru.
  3703 | D:5      | Found a shimmering altar of Xom.
  4058 | D:6      | Reached skill level 5 in Dodging
  4096 | D:6      | Reached XP level 9. HP: 65/65 MP: 9/9
  4262 | D:6      | Reached skill level 5 in Armour
  4633 | D:7      | Reached skill level 1 in Stealth
  4683 | D:7      | Reached skill level 2 in Stealth
  4929 | D:7      | Reached skill level 3 in Stealth
  5228 | D:7      | Found a bloodstained altar of Trog.
  5322 | D:7      | Reached skill level 4 in Stealth
  5435 | D:7      | Found a staircase to the Ecumenical Temple.
  5593 | Temple   | Entered the Ecumenical Temple
  5609 | Temple   | Became a worshipper of Makhleb the Destroyer
  5751 | D:8      | Reached skill level 5 in Stealth
  5790 | D:8      | Reached skill level 6 in Stealth
  5866 | D:8      | Identified the +6 leather armour of Lekhlousk {Rampage
                  | rPois Str+3 Slay-4}
  5890 | D:8      | Reached skill level 7 in Stealth
  6274 | D:9      | Found a stormy altar of Qazlal.
  6340 | D:9      | Reached * piety under Makhleb
  6387 | D:9      | Gained mutation: You have a tail ending in a sharp stinger.
                  | [demonic ancestry]
  6387 | D:9      | Reached XP level 10. HP: 59/71 MP: 10/10
  6395 | D:9      | Reached skill level 8 in Stealth
  6418 | D:9      | Noticed Psyche
  6440 | D:9      | Killed Psyche
  6464 | D:9      | Reached skill level 9 in Stealth
  6512 | D:9      | Reached ** piety under Makhleb
  6543 | D:9      | Identified the +9 rapier "Dympataa" {heavy, rElec rC-
                  | Dex+4}
  7037 | D:10     | Entered Level 10 of the Dungeon
  7063 | D:10     | Noticed a gargoyle
  7068 | D:10     | Found a staircase to the Lair.
  7092 | D:10     | Killed a gargoyle
  7745 | D:10     | Noticed a two-headed ogre
  7747 | D:10     | Killed a two-headed ogre
  7748 | D:10     | Gained mutation: A weak demonic guardian rushes to your
                  | aid. [demonic ancestry]
  7748 | D:10     | Reached XP level 11. HP: 77/77 MP: 11/11
  7750 | D:10     | Found a shadowy altar of Dithmenos.
  7812 | D:10     | Reached *** piety under Makhleb
  7826 | D:10     | Reached skill level 5 in Throwing
  8388 | D:11     | Found a staircase to the Orcish Mines.
  8586 | D:11     | Found a hide-covered altar of Uskayaw.
  8600 | D:11     | Reached skill level 5 in Fighting
  9525 | Lair:1   | Entered Level 1 of the Lair of Beasts
  9568 | Lair:1   | Found a frozen archway.
  9596 | IceCv    | Entered an ice cave
  9642 | IceCv    | Slain by a harpy simulacrum

Illustrated notes

Levels and vault maps discovered:
D:1:      dpeg_arrival_three_smaller_balls, layout_loops_ring
D:2:      layout_rooms, shapermc_ecumenical_altar_petra,
          kennysheep_pointless_box
D:3:      minmay_octagon_keep, layout_basic, uniq_terence, uniq_sigmund
D:4:      layout_basic, mainiacjoe_overflow_alcove_4, minmay_ogre_servants,
          uniq_ijyb
D:5:      layout_basic, grunt_temple_overflow_open
D:6:      layout_rooms
D:7:      layout_basic, kennysheep_mini_moat, minmay_temple_entry_butterflies,
          minivault_27
D:8:      layout_cave_pools, palyth_stone_intersect
D:9:      layout_basic, mainiacjoe_overflow_24_doors, kennysheep_generic_room_2,
          uniq_psyche
D:10:     layout_long_grid, lemuel_doored_altar, due_lair_maze_entry_diamond
D:11:     hangedman_cross_stitches, layout_layer_cave, library_closet,
          eat_drink_and_be_merry_uskayaw
Temple:   dshaligram_water_room_temple
Lair:1:   gammafunk_boulding_lane, layout_cave_pods, portal_ice_cave_entry_imps,
          lemuel_fruit_fields, uniq_urug
IceCv:    ice_cave_caverns_03

Skill      XL: |  1  2  3  4  5  6  7  8  9 10 11 |
---------------+----------------------------------+-----
Fighting       | 3 4 7 |  7.8
Maces & Flails | 1 3 4 5 |  5.0
Armour         | 2 4 5 8 |  8.0
Short Blades   | 5 7 |  7.0
Dodging        | 5 |  5.0
Stealth        | 7 9 |  9.0
Throwing       | 4 5 |  5.0

Action                     |  1- 3 |  4- 6 |  7- 9 | 10-12 || total
---------------------------+-------+-------+-------+-------++-------
  Melee: Rapier            |    20 |       |       |   194 ||   214
         Mace              |    44 |    87 |     3 |       ||   134
         Tailslap          |     4 |     9 |    49 |    34 ||    96
         Touch             |       |    15 |    57 |    47 ||   119
         Punch             |       |     1 |     4 |     2 ||     7
         Dagger            |       |       |   281 |    80 ||   361
  Throw: Throwing net      |       |     3 |       |       ||     3
         Javelin           |       |       |     4 |       ||     4
         Boomerang         |       |       |       |     5 ||     5
    Use: Scroll            |     2 |     3 |     8 |    11 ||    24
         Potion            |       |     2 |       |     1 ||     3
   Stab: Sleeping          |     1 |       |     5 |     6 ||    12
 Armour: Leather armour    |    19 |     2 |       |       ||    21
         Ring mail         |       |    48 |    72 |       ||   120
         Acid dragon scale |       |       |     4 |    79 ||    83
         Skin              |       |       |       |    72 ||    72
         Troll leather arm |       |       |       |    16 ||    16
  Dodge: Dodged            |    34 |    46 |   166 |   373 ||   619

Table legend: (Time is in decaauts)
 A = Elapsed time spent in this place.
 B = Non-inter-level travel time spent in this place.
 C = Inter-level travel time spent in this place.
 D = Time resting spent in this place.
 E = Time spent auto-exploring this place.
 F = Levels seen in this place.
 G = Mean time per level.
                   A        B        C        D        E       F      G
               +--------+--------+--------+--------+--------+-----+--------+
         Total |   9624 |   9112 |    512 |   1031 |   6396 |  14 |  687.4 |
       Dungeon |   9468 |   8988 |    480 |   1031 |   6359 |  11 |  860.7 |
        Temple |     32 |      1 |     31 |      0 |      0 |   1 |   32.0 |
          Lair |     75 |     75 |      0 |      0 |     15 |   1 |   75.0 |
      Ice Cave |     48 |     48 |      0 |      0 |     22 |   1 |   48.0 |
               +--------+--------+--------+--------+--------+-----+--------+

Top non-repeatable levels by time:
     D:3: 1207 daAuts
     D:7: 1155 daAuts
    D:11: 1152 daAuts
    D:10: 1119 daAuts
     D:9: 1040 daAuts
     D:4: 785 daAuts
     D:1: 701 daAuts
     D:5: 697 daAuts
     D:6: 605 daAuts
     D:8: 560 daAuts
     D:2: 444 daAuts
  Lair:1: 75 daAuts
   IceCv: 48 daAuts
  Temple: 32 daAuts
